 Dungeon Crawl Stone Soup version 0.30-a0-586-g23e55c9e0a (webtiles) character file.

Game seed: 11802161858764751339

254 bande the Covered (level 6, 0/38 HPs)
             Began as a Gargoyle Fighter on Jan 4, 2023.
             Killed from afar by Ijyb (13 damage)
             ... with a bolt of dispelling energy
             ... on level 4 of the Dungeon.
             The game lasted 00:04:49 (2580 turns).

bande the Covered (Gargoyle Fighter)                Turns: 2580, Time: 00:04:50

Health: 0/38       AC: 14    Str: 19    XL:     6   Next: 15%
Magic:  6/6        EV:  9    Int:  9    God:
Gold:   157        SH:  4    Dex: 11    Spells: 5/5 levels left

rFire   . . .      SeeInvis .    a - +1 war axe
rCold   . . .      Faith    .    c - +0 buckler
rNeg    + . .      Spirit   .    b - +0 scale mail
rPois   ∞          Reflect  .    g - +0 helmet
rElec   +          Harm     .    (no cloak)
rCorr   .          Rampage  .    h - +1 pair of gloves
Will    +....                    (no boots) Stlth
                                 (no amulet)
HPRegen 0.26/turn                o - ring of willpower
MPRegen 0.10/turn                (no ring)

@: studying Maces & Flails
A: sickness immunity, AC +4, negative energy resistance 1, electricity
resistance, torment resistance 1, petrification resistance
a: no special abilities


You were on level 4 of the Dungeon.
You visited 1 branch of the dungeon, and saw 4 of its levels.

You collected 157 gold pieces.

Inventory:

Hand Weapons
 a - a +1 war axe (weapon)
 w - a +2 hand axe of flaming
Missiles
 e - a throwing net (quivered)
Armour
 b - a +0 scale mail (worn)
 c - a +0 buckler (worn)
 g - a +0 helmet (worn)
 h - a +1 pair of gloves (worn)
Jewellery
 o - a ring of willpower (left hand)
 s - a ring of magical power
Wands
 k - a wand of polymorph (7)
Scrolls
 n - 2 scrolls of identify
Potions
 d - a potion of might
 f - a potion of brilliance
 i - 2 potions of curing
 j - a potion of mutation
 l - 2 potions of attraction {unknown}
 m - 3 potions of heal wounds
 p - a potion of flight {unknown}
 r - a potion of lignification {unknown}
 t - a potion of degeneration {unknown}


   Skills:
 + Level 4.0 Fighting
 + Level 4.0 Axes
 + Level 4.2 Armour
 + Level 3.7 Shields
 * Level 1.9 Evocations


You had 5 spell levels left.
You didn't know any spells.
Your spell library contained the following spells:

 Spells                   Type           Power      Damage    Failure   Level
 Freeze                   Ice            0%         1d3       83%         1
 Frozen Ramparts          Ice            0%         1d1       99%         3
 Hailstorm                Conj/Ice       0%         3d3       99%         3
 Portal Projectile        Hex/Tloc       0%         N/A       99%         3
 Tukima's Dance           Hex            0%         N/A       99%         3
 Blade Hands              Tmut           0%         N/A       100%        5


Dungeon Overview and Level Annotations

Branches:
Dungeon (4/15)
 Temple: D:4-7

Altars:

Annotations:
D:1 2 transporters
D:4 Ijyb


Innate Abilities, Weirdness & Mutations

You are immune to sickness and miasma.
Your stone body is resilient. (AC +4)
You are immune to poison.
You resist negative energy. (rN+)
You are resistant to electric shocks. (rElec)
You are resistant to unholy torment.
You are immune to petrification.


Message History

The bolt of dispelling energy misses you.
The goblin closely misses you.
Things that are here:
a +0 dagger; a goblin corpse You hit the goblin but do no damage.
The goblin is moderately wounded.
You barely miss Ijyb.
The goblin no longer looks unusually strong.
Ijyb hits you with a +0 club! The goblin hits you but does no damage.
You barely miss the goblin.
The goblin is moderately wounded.
You hit Ijyb but do no damage. Ijyb hits you but does no damage.
The goblin barely misses you.
You barely miss the goblin.
The goblin is moderately wounded.
You closely miss Ijyb. Ijyb barely misses you. The goblin closely misses you.
Ijyb hits you but does no damage. The goblin hits you but does no damage.
Unknown command.
You barely miss the goblin.
The goblin is moderately wounded.
You barely miss Ijyb. Ijyb hits you with a +0 club!
The goblin completely misses you.
Unknown command.
You hit the goblin.
The goblin is heavily wounded.
You hit Ijyb but do no damage. Ijyb hits you with a +0 club.
The goblin closely misses you.
Unknown command.
You closely miss the goblin.
The goblin is moderately wounded.
You hit Ijyb. Ijyb hits you but does no damage. The goblin closely misses you.
Ijyb zaps a wand.
The bolt of dispelling energy misses you.
The goblin hits you but does no damage.
Unknown command.
You slash the goblin!
You kill the goblin!
You hit Ijyb but do no damage. Ijyb hits you but does no damage.
Ijyb zaps a wand.
The bolt of dispelling energy hits you!
You die...

........# #.# #.#
........ #.# .. .......
..... .. . ##...###
###..# .. ..#..... ....#
###. ....# #..# ...
....####### #..###.## .
...†......####......##...
###..##.#.....))@).......
..............).g........
.###.#...#....)))..###...
.. #.......###.....# .
...........# #.#####
####.....### #.. #.......
...# ##############


You could see Ijyb (strong).

Vanquished Creatures
  A scorpion (D:4)
  A howler monkey (D:4)
  A hound (D:4)
  Robin (D:4)
  An adder (D:2)
  A dart slug (D:4)
  13 orcs (D:4)
  4 ball pythons
  6 endoplasms
  2 giant cockroaches
  13 hobgoblins
  4 jackals (D:3)
  5 kobolds
  4 quokkas
  5 bats
  5 frilled lizards
  16 goblins
  7 rats
90 creatures vanquished.

Notes
Turn   | Place    | Note
-------+----------+-------------------------------------------
     0 | D:1      | bande the Gargoyle Fighter began the quest for the Orb.
     0 | D:1      | Reached XP level 1. HP: 14/14 MP: 1/1
   115 | D:1      | Reached XP level 2. HP: 11/19 MP: 2/2
  1114 | D:2      | Reached XP level 3. HP: 23/23 MP: 3/3
  2117 | D:3      | Reached XP level 4. HP: 29/29 MP: 4/4
  2415 | D:4      | Reached skill level 1 in Evocations
  2448 | D:4      | Noticed a scorpion
  2458 | D:4      | Killed a scorpion
  2459 | D:4      | Reached XP level 5. HP: 30/33 MP: 5/5
  2556 | D:4      | Noticed Ijyb
  2557 | D:4      | Noticed Robin
  2562 | D:4      | Reached XP level 6. HP: 35/38 MP: 6/6
  2568 | D:4      | Killed Robin
  2580 | D:4      | Killed from afar by Ijyb

Illustrated notes

Levels and vault maps discovered:
D:1:      spicycebolla_arrival_transporter_tutorial, layout_basic
D:2:      wander_river, layout_loops_ring
D:3:      layout_loops_cross
D:4:      layout_rooms, uniq_ijyb, uniq_edmund, uniq_robin

Skill      XL: |  1  2  3  4  5  6 |
---------------+-------------------+-----
Axes           | 2 3 4 |  4.0
Evocations     | 1 |  1.9
Armour         | 4 |  4.2
Fighting       | 4 |  4.0
Shields        | |  3.7

Action                   |  1- 3 |  4- 6 || total
-------------------------+-------+-------++-------
Melee: War axe           |   130 |    81 ||   211
  Use: Scroll            |     2 |     9 ||    11
Armor: Scale mail        |    64 |    72 ||   136
Dodge: Dodged            |    64 |    59 ||   123
Block: Buckler           |    29 |    22 ||    51

Table legend: (Time is in decaauts)
 A = Elapsed time spent in this place.
 B = Non-inter-level travel time spent in this place.
 C = Inter-level travel time spent in this place.
 D = Time resting spent in this place.
 E = Time spent auto-exploring this place.
 F = Levels seen in this place.
 G = Mean time per level.
                   A        B        C        D        E       F      G
               +--------+--------+--------+--------+--------+-----+--------+
         Total |   2679 |   2679 |      0 |    134 |   1901 |   4 |  669.8 |
       Dungeon |   2679 |   2679 |      0 |    134 |   1901 |   4 |  669.8 |
               +--------+--------+--------+--------+--------+-----+--------+

Top non-repeatable levels by time:
     D:1: 967 daAuts
     D:2: 731 daAuts
     D:3: 637 daAuts
     D:4: 342 daAuts
